 Dungeon Crawl Stone Soup version 0.27-a0-998-g4cfe56dd59 (webtiles) character file.

Game seed: 8054340149483630114

81 siradein the Chopper (level 4, -2/33 HPs)
             Began as a Demonspawn Gladiator on Apr 16, 2021.
             Slain by Robin
             ... wielding a +0 trident
              (4 damage)
             ... on level 2 of the Dungeon.
             The game lasted 00:02:34 (2055 turns).

siradein the Chopper (Demonspawn Gladiator)         Turns: 2055, Time: 00:02:35

Health: -2/33      AC:  4    Str: 15    XL:     4   Next: 19%
Magic:  4/4        EV: 12    Int:  9    God:
Gold:   43         SH:  0    Dex: 15    Spells: 3/3 levels left

rFire    . . .     SeeInvis .   a - +0 war axe
rCold    . . .     Faith    .   (no shield)
rNeg     . . .     Spirit   .   b - +0 leather armour
rPois    .         Reflect  .   c - +0 helmet
rElec    .         Harm     .   (no cloak)
rCorr    .         Rampage  .   (no gloves)
Will     .....                  (no boots)
Stlth    +.........             (no amulet)
HPRegen  0.11/turn              (no ring)
MPRegen  0.09/turn              (no ring)

@: no status effects
A: hooves 1, demonic magic 1
a: no special abilities


You were on level 2 of the Dungeon.
You visited 1 branch of the dungeon, and saw 2 of its levels.

You collected 43 gold pieces.

Inventory:

Hand Weapons
 a - a +0 war axe (weapon)
Missiles
 d - 3 throwing nets (quivered)
Armour
 b - a +0 leather armour (worn)
 c - a +0 helmet (worn)
Scrolls
 e - a scroll of fog {unknown}
 f - a scroll of teleportation {unknown}
Potions
 g - a potion of heal wounds {unknown}
 h - a potion of lignification {unknown}


   Skills:
 - Level 2.0 Fighting
 + Level 4.6 Axes
 - Level 1.7 Throwing
 - Level 2.6 Dodging


You had 3 spell levels left.
You didn't know any spells.
Your spell library was empty.

Dungeon Overview and Level Annotations

Branches:
Dungeon (2/15)

Altars:

Annotations:
D:2 Robin


Innate Abilities, Weirdness & Mutations

You have large cloven feet.
Spells you cast may paralyse adjacent enemies.


Message History

* * * LOW HITPOINT WARNING * * *
You climb upwards.
There is a stone staircase leading down here.
You barely miss the hobgoblin. You kick the hobgoblin.
You kill the hobgoblin!
You see here a hobgoblin corpse.
You start resting.
HP restored.
There is a stone staircase leading down here.
You climb downwards.
Level annotation: Robin The hobgoblin closely misses you.
Robin says, "A pitiful Demonspawn like you will never find the ORB!"
There is a stone staircase leading up here.
Robin roars a battlecry!
The hobgoblin goes into a battle-frenzy!
The hobgoblin barely misses you. The hobgoblin hits you.
The hobgoblin closely misses you.
You hit the hobgoblin. You kick the hobgoblin.
You kill the hobgoblin!
You hit the hobgoblin. The hobgoblin closely misses you.
Robin barely misses you. The hobgoblin hits you.
Robin hits you with a +0 trident.
You hit the hobgoblin.
You kill the hobgoblin!
You closely miss Robin. Robin hits you with a +0 trident!
You are too injured to fight recklessly!
You are too injured to fight recklessly!
You are too injured to fight recklessly!
You are too injured to fight recklessly!
You hit Robin but do no damage. Robin hits you with a +0 trident.
You hit Robin.
Robin is lightly wounded.
Robin hits you with a +0 trident!
* * * LOW HITPOINT WARNING * * *
You slash Robin! You kick Robin.
Robin is severely wounded.
Robin barely misses you. Robin hits you with a +0 trident.
You die...

#..#.###..##.####.###.....#####.#
#....)).........#..##.#########.#
#.###.##.....####..##.........#.#
#.#..........# #..##########.#.#
#)#.##.#.#...####.......# #.#.#
g..................##.#<#####.#.#
#)#.###............#........#.#.#
#.#.# #..................##.#.#..
#.# ....>.......@†..............#
#.#######.#.##..#g##<.##.#..#.#.#
#...........#.....##..##.#..#.#.#
#.#######.......#.....#.....#.#.#
#...........#...#.###.#..##.#.#[#
#.........#<#...#.# ............
........#####...#.# ###.........
#.##.##.##......#.# .........##
#.#........#....#.# .........#


You could see Robin.

Vanquished Creatures
  An adder (D:2)
  A worm (D:2)
  A dart slug (D:1)
  6 endoplasms
  4 giant cockroaches
  9 goblins
  8 hobgoblins
  8 jackals (D:1)
  A quokka (D:1)
  5 ball pythons
  3 bats (D:1)
  4 frilled lizards (D:1)
  8 rats
59 creatures vanquished.

Vanquished Creatures (others)
  18 plants (D:1)
18 creatures vanquished.

Grand Total: 77 creatures vanquished

Notes
Turn   | Place    | Note
-------+----------+-------------------------------------------
     0 | D:1      | siradein the Demonspawn Gladiator began the quest for the
                  | Orb.
     0 | D:1      | Reached XP level 1. HP: 16/16 MP: 1/1
    26 | D:1      | Reached skill level 3 in Axes
   278 | D:1      | Gained mutation: Spells you cast may paralyse adjacent
                  | enemies. [demonic ancestry]
   278 | D:1      | Reached XP level 2. HP: 22/22 MP: 2/2
   547 | D:1      | Reached XP level 3. HP: 27/27 MP: 3/3
   719 | D:1      | Reached skill level 4 in Axes
  1671 | D:2      | Gained mutation: You have large cloven feet. [demonic
                  | ancestry]
  1671 | D:2      | Reached XP level 4. HP: 30/33 MP: 4/4
  1752 | D:2      | Noticed Robin
  2055 | D:2      | Slain by Robin

Illustrated notes

Levels and vault maps discovered:
D:1:      lightli_iron_boxes, layout_loops_ring, serial_bayou,
          serial_bayou_pond_b, serial_bayou_pond_c, serial_bayou_pond_a,
          serial_bayou_pond_b, serial_bayou_shore_a, serial_bayou_pond_d
D:2:      layout_basic, ebering_ecumenical_altar_mist, uniq_jessica, uniq_robin

Skill      XL: |  1  2  3 |
---------------+----------+-----
Axes           | 3 4 |  4.6
Fighting       | |  2.0
Throwing       | |  1.7
Dodging        | |  2.6

Action                   |  1- 3 |  4- 6 || total
-------------------------+-------+-------++-------
Melee: War axe           |   116 |    20 ||   136
       Kick              |       |     6 ||     6
 Stab: Sleeping          |     1 |       ||     1
Armor: Leather armour    |    46 |     6 ||    52
Dodge: Dodged            |   103 |    19 ||   122

Table legend: (Time is in decaauts)
 A = Elapsed time spent in this place.
 B = Non-inter-level travel time spent in this place.
 C = Inter-level travel time spent in this place.
 D = Time resting spent in this place.
 E = Time spent auto-exploring this place.
 F = Levels seen in this place.
 G = Mean time per level.
                   A        B        C        D        E       F      G
               +--------+--------+--------+--------+--------+-----+--------+
         Total |   2118 |   2068 |     50 |    237 |   1486 |   2 | 1059.0 |
       Dungeon |   2118 |   2068 |     50 |    237 |   1486 |   2 | 1059.0 |
               +--------+--------+--------+--------+--------+-----+--------+

Top non-repeatable levels by time:
     D:1: 1507 daAuts
     D:2: 610 daAuts
